 Dungeon Crawl Stone Soup version 0.17.0-26-gececa24 (console) character file.

193 gw the Ducker (level 5, -1/25 HPs)
             Began as a Felid Monk on Nov 20, 2015.
             Was a Believer of Yredelemnul.
             Slain by a water moccasin (6 damage)
             ... on level 3 of the Dungeon.
             The game lasted 00:03:44 (3654 turns).

gw the Ducker (Felid Monk)                          Turns: 3654, Time: 00:03:44

Health: -1/25      AC:  7    Str:  7    XL:     5   Next: 44%
Magic:  1/7        EV: 22    Int: 12    God:    Yredelemnul [**....]
Gold:   208        SH:  0    Dex: 20    Spells: 0 memorised, 4 levels left
                                        Lives:  0   Deaths: 1

rFire  . . .     SeeInvis +       - Unarmed
rCold  . . .     Clarity  .     (armour unavailable)
rNeg   . . .     SustAt   .     (shield unavailable)
rPois  .         Gourm    .     (helmet unavailable)
rElec  .         Spirit   .     (cloak unavailable)
rCorr  .         Warding  .     (gloves unavailable)
rMut   .         Stasis   .     (boots unavailable)
MR     .....                    (no amulet)
Stlth  +++.......               (no ring)
                                f - +5 ring of protection

@: very slightly contaminated, hasted, very quick, not resistant to hostile
enchantments, fairly stealthy
A: no armour, no weapons or thrown items, claws 1, fangs 3, see invisible,
carnivore 3, speed 1, shaggy fur 2, slow metabolism 1, sharp paws
a: Animate Remains, Recall Undead Slaves, Injury Mirror, Renounce Religion


You were on level 3 of the Dungeon.
You worshipped Yredelemnul.
Yredelemnul was pleased with you.
You were not hungry.

You visited 1 branch of the dungeon, and saw 4 of its levels.

You collected 208 gold pieces.

Inventory:

Jewellery
 f - a +5 ring of protection (left paw)
Scrolls
 d - a scroll of fog
 h - a scroll of noise
 k - a scroll of remove curse {unknown}
Potions
 b - a potion of magic
 g - a potion of resistance
 j - a potion of curing
Comestibles
 a - 2 meat rations
 c - a beef jerky


   Skills:
 + Level 4.1 Fighting
 + Level 5.9 Dodging
 - Level 2.6 Stealth
 * Level 5.8 Unarmed Combat
 + Level 2.2 Invocations


You had 4 spell levels left.
You didn't know any spells.

Dungeon Overview and Level Annotations

Branches:
Dungeon (4/15)
 Temple: D:4-7

Altars:
Dithmenos
Okawaru
Ru
Yredelemnul
The Shining One

Shops:
D:4 *

Annotations:
D:2 exclusion: downstairs
D:3 exclusion: 2 downstairs, Edmund
D:4 Pikel; gw's ghost, amateur FoGl


Innate Abilities, Weirdness & Mutations

You cannot wear armour.
You are incapable of wielding weapons or throwing items.
You have sharp claws.
You have razor-sharp teeth.
You have supernaturally acute eyesight.
You are carnivorous and can eat meat at any time.
You cover ground quickly.
You are covered in thick fur (AC +2).
You have a slow metabolism.
Your sharp claws are effective at attacking unaware monsters.


Message History

Attempting RANGED ATTACK TO (0,2); ATTACKING (0,1)
You swing at nothing.
FLEEEEING!
MOVING TO (-4,-6) MOVING TO (-4,-5) MOVING TO (-3,-4) MOVING TO (-2,-4) MOVING TO (-1,-3) MOVING TO (-1,-2) MOVING TO (0,-1) MOVING TO (-2,-1)
The water moccasin bites you. Yredelemnul mirrors your injury!
The water moccasin is lightly wounded.
MOVING TO (-1,-1)
Your dark mirror aura disappears.
MOVING TO (6,7)
You fail to use your ability.
The water moccasin bites you.
You die...
Your body rises from the dead as a mindless zombie.

##.......##...........##
#.....Z...#........####
##.......##.<.....######
####.######.....####...
#..# #...........## ##.#
#.......#....# #)##
#.......#..#.Z
#..####.....#..####
##hS.###...##......
###.#####>........
#<........###.....
#........## #.....
#.......#####.....
#######.#~~~#.....
#.#~_~###### #.#...#
#.#.~.#


You could see a water moccasin.

Table legend:
 A = Turns spent in this place as a percentage of turns spent in the entire game.
 B = Non-inter-level travel turns spent in this place as a percentage of non-inter-level travel turns spent in the entire game.
 C = Inter-level travel turns spent in this place as a percentage of turns spent in this place.
 D = Turns resting spent in this place as a percentage of non-inter-level travel turns spent in this place.
 E = Turns spent auto-exploring this place as a percentage of non-inter-level travel turns spent in this place.
 F = Non-inter-level travel turns spent in this place divided by the number of levels of this place that you've seen.
                   A       B       C       D       E      F
               +-------+-------+-------+-------+-------+----------------------
         Total | 100.0 | 100.0 |   0.9 |   0.5 |   2.3 | 1650.8
       Dungeon | 100.0 | 100.0 |   0.9 |   0.5 |   2.3 | 1650.8
               +-------+-------+-------+-------+-------+----------------------

Table legend:
 A = Kills in this place as a percentage of kills in entire the game.
 B = Kills by you in this place as a percentage of kills by you in the entire game.
 C = Kills by friends in this place as a percentage of kills by friends in the entire game.
 D = Other kills in this place as a percentage of other kills in the entire game.
 E = Experience gained in this place as a percentage of experience gained in the entire game.
 F = Experience gained in this place divided by the number of levels of this place that you have seen.
                   A       B       C       D       E      F
               +-------+-------+-------+-------+-------+----------------------
         Total | 100.0 | 100.0 | 100.0 |  -nan | 100.0 | 132.2
       Dungeon | 100.0 | 100.0 | 100.0 |  -nan | 100.0 | 132.2
               +-------+-------+-------+-------+-------+----------------------

Vanquished Creatures
  Sigmund (D:3)
  Blork the orc (D:4)
  4 adders
  4 gnolls (D:3)
  An ooze (D:1)
  An adder skeleton (D:4)
  A worm (D:2)
  A giant gecko (D:2)
  7 bats
  5 giant cockroaches
  9 hobgoblins
  8 kobolds
  3 giant newts
  13 goblins
  2 quokkas
  5 rats
66 creatures vanquished.

Vanquished Creatures (collateral kills)
  2 kobolds (D:3)
2 creatures vanquished.

Vanquished Creatures (others)
  3 adder zombies
  2 bat zombies
  2 gnoll zombies (D:3)
  2 giant cockroach zombies
  A goblin zombie (D:3)
  2 hobgoblin zombies
  A kobold zombie (D:3)
  A quokka zombie (D:2)
  A rat skeleton (D:3)
15 creatures vanquished.

Grand Total: 83 creatures vanquished

Notes
Turn   | Place    | Note
--------------------------------------------------------------
     0 | D:1      | gw the Felid Monk began the quest for the Orb.
     0 | D:1      | Reached XP level 1. HP: 10/10 MP: 2/2
   327 | D:1      | Reached XP level 2. HP: 14/14 MP: 3/3
  1041 | D:2      | Reached XP level 3. HP: 12/17 MP: 4/4
  1274 | D:2      | Found a basalt altar of Yredelemnul.
  1294 | D:2      | Became a worshipper of Yredelemnul the Dark
  1294 | D:2      | Reached * piety under Yredelemnul
  1294 | D:2      | Reached ** piety under Yredelemnul
  2023 | D:2      | Found a glowing golden altar of the Shining One.
  2067 | D:3      | Reached skill level 5 in Dodging
  2077 | D:3      | Reached XP level 4. HP: 18/21 MP: 5/5
  2136 | D:3      | Noticed Sigmund
  2156 | D:3      | Killed Sigmund
  2156 | D:3      | Reached skill level 5 in Unarmed Combat
  2156 | D:3      | Reached skill level 1 in Invocations
  2156 | D:3      | Reached XP level 5. HP: 18/25 MP: 0/7
  2265 | D:3      | Found a shadowy altar of Dithmenos.
  2664 | D:3      | Gained mutation: You are covered in thick fur (AC +2). [Felid growth]
  2664 | D:3      | Reached XP level 6. HP: 28/28 MP: 8/8
  2832 | D:3      | Found a sacrificial altar of Ru.
  2856 | D:4      | Noticed Edmund
  2970 | D:4      | Noticed Blork the orc
  2975 | D:4      | Killed Blork the orc
  3045 | D:4      | Noticed gw's ghost (amateur FoGl)
  3056 | D:4      | Noticed Pikel
  3221 | D:4      | Slain by gw's ghost
  3222 | D:4      | Reached XP level 5. HP: -5/25 MP: 1/7
  3246 | D:4      | Found an iron altar of Okawaru.
  3535 | D:4      | Found Emuges's Serpentskin Sales.
  3535 | D:4      | Noticed a water moccasin
  3654 | D:3      | Slain by a water moccasin

Action                   |  1- 3 |  4- 6 || total
-------------------------+-------+-------++-------
Melee: Unarmed           |    98 |    70 ||   168
Invok: Animate Remains   |     5 |    11 ||    16
       Recall Undead Sla |       |    16 ||    16
       Injury Mirror     |       |     9 ||     9
  Use: Potion            |     4 |     5 ||     9
       Scroll            |     3 |     1 ||     4
 Stab: Sleeping          |    11 |     5 ||    16
  Eat: Chunk             |    10 |     6 ||    16

Vault maps used:
D:1:      eino_arrival_cavern_e, st_stairs_6, minmay_misc_feat_tower
D:2:      nicolae_overflow_crystal_walls, first_bread, tso_altar
D:3:      grunt_dithmenos_smoke_and_mirrors, nicolae_ru_path_of_blood,
          uniq_sigmund
D:4:      kennysheep_mini, serial_co_window_serial, co_window_paths_b,
          co_window_of_opportunity_a, co_window_paths_a, co_window_paths_a,
          co_window_of_opportunity_a, co_window_paths_a, co_window_corner_a,
          co_window_paths_c, co_window_of_opportunity_b,
          co_window_of_opportunity_b, co_window_corner_b, co_window_paths_c,
          co_window_sun, co_window_4corner_b, glass_columns_b, glass_columns_a,
          glass_columns_b, glass_columns_a, glass_columns_a,
          guppyfry_shop_venom, uniq_pikel, uniq_blork_the_orc, uniq_edmund
